 Dungeon Crawl Stone Soup version 0.21-a0-471-gd587bd5 (webtiles) character file.

73 KristoblXynda the Chucker (level 4, -3/26 HPs)
             Began as a Tengu Hunter on Nov 21, 2017.
             Slain by Sigmund
             ... wielding a +0 scythe
              (14 damage)
             ... on level 2 of the Dungeon.
             The game lasted 00:02:21 (1480 turns).

KristoblXynda the Chucker (Tengu Hunter)            Turns: 1480, Time: 00:02:21

Health: -3/26      AC:  3    Str: 13    XL:     4   Next: 27%
Magic:  5/5        EV: 13    Int: 11    God:
Gold:   26         SH:  0    Dex: 15    Spells: 3/3 levels left

rFire    . . .     SeeInvis .   q - +0 morningstar (venom)
rCold    . . .     Gourm    .   (no shield)
rNeg     . . .     Faith    .   b - +0 leather armour
rPois    .         Spirit   .   (helmet restricted)
rElec    .         Reflect  .   (no cloak)
rCorr    .         Harm     .   (no gloves)
MR       .....                  (boots unavailable)
Stlth    ++........             (no amulet)
HPRegen  0.08/turn              (no ring)
MPRegen  0.09/turn              (no ring)

@: no status effects
A: beak, talons 3
a: no special abilities


You were on level 2 of the Dungeon.
You were not hungry.

You visited 1 branch of the dungeon, and saw 2 of its levels.

You collected 26 gold pieces.

Inventory:

Hand Weapons
 q - a +0 morningstar of venom (weapon)
Missiles
 c - 4 javelins (quivered)
 d - 2 throwing nets
Armour
 b - a +0 leather armour (worn)
Scrolls
 g - 2 scrolls of enchant armour {unknown}
 i - 2 scrolls of remove curse
 j - a scroll of amnesia {unknown}
 k - a scroll of noise {unknown}
 m - a scroll of identify {unknown}
 o - a scroll of immolation {unknown}
Potions
 e - a potion of heal wounds {unknown}
 h - a potion of degeneration {unknown}
 l - a potion of haste {unknown}
 p - a potion of curing {unknown}
Comestibles
 f - 5 bread rations
 n - 4 chunks of flesh


   Skills:
 - Level 2.0 Fighting
 + Level 4.6 Throwing
 + Level 3.3 Dodging
 + Level 2.5 Stealth


You had 3 spell levels left.
You didn't know any spells.

Dungeon Overview and Level Annotations

Branches:
Dungeon (2/15)

Altars:

Annotations:
D:2 Sigmund


Innate Abilities, Weirdness & Mutations

You have a beak for a mouth.
You have claws for feet.


Message History

You feel less confused. The bat hits you. The bat closely misses you.
Sigmund misses you. The giant cockroach closely misses you.
A bat comes into view.
The bat hits you but does no damage. The bat hits you but does no damage.
There is an open door here.
You barely miss the bat. The bat hits you.
You completely miss the bat. You claw the bat.
The bat is heavily wounded.
The bat closely misses you. x2
Sigmund laughs darkly.
You hit the bat.
You kill the bat!
The giant cockroach bites you.
As you read the scroll labeled KUH OMYOLIAZUTS, it crumbles to dust.
You feel blessed for a moment.
It was a scroll of remove curse.
Sigmund hits you from afar with a scythe!
Ouch! That really hurt!
You die...

#.. #..## .... (.#
#.## #..# ##@# #s#
####@######
#..<......#
#.).....[.#
#.........#. ######
#.........#. .....#
#.........#.# .....#
#####'#####'#########
.....#### #..#
#...........
.)......##########.#
#...........


You could see Sigmund and a giant cockroach.

Vanquished Creatures
  Terence (D:2)
  4 dart slugs (D:1)
  2 bats
  3 giant cockroaches
  4 goblins
  4 hobgoblins
  4 jackals (D:2)
  6 kobolds
  5 frilled lizards
  5 rats (D:1)
38 creatures vanquished.

Notes
Turn   | Place    | Note
-------+----------+-------------------------------------------
     0 | D:1      | KristoblXynda the Tengu Hunter began the quest for the Orb.
     0 | D:1      | Reached XP level 1. HP: 12/12 MP: 2/2
   313 | D:1      | Reached XP level 2. HP: 17/17 MP: 3/3
   722 | D:1      | Reached XP level 3. HP: 18/21 MP: 4/4
  1372 | D:2      | Noticed Terence
  1441 | D:2      | Killed Terence
  1441 | D:2      | Reached XP level 4. HP: 26/26 MP: 5/5
  1462 | D:2      | Noticed Sigmund
  1480 | D:2      | Slain by Sigmund

Vault maps used:
D:1:      dpeg_arrival_water_altar, patterned_corridor
D:2:      uniq_terence, uniq_sigmund

Skill      XL: |  1  2  3 |
---------------+----------+-----
Stealth        | 2 |  2.5
Dodging        | 3 |  3.3
Fighting       | |  2.0
Throwing       | |  4.6

Action                   |  1- 3 |  4- 6 || total
-------------------------+-------+-------++-------
Melee: Short sword       |    79 |       ||    79
       Kick              |    21 |     1 ||    22
       Peck              |     6 |       ||     6
       Morningstar       |       |     3 ||     3
Throw: Javelin           |     2 |     2 ||     4
  Use: Scroll            |       |     1 ||     1
 Stab: Sleeping          |     5 |       ||     5
  Eat: Chunk             |     2 |       ||     2
Armor: Leather armour    |    18 |     5 ||    23
Dodge: Dodged            |    39 |    10 ||    49

Table legend:
 A = Spawn XP
 B = Non-spawn XP
 C = Spawn XP percentage of total XP
 D = Spawn monster count
 E = Non-spawn monster count
 F = Spawn count percentage of total count
 G = Total turns spent on level
                    A         B        C        D         E        F      G
               +---------+---------+-------+---------+---------+-------+---------
         Total |       0 |     105 |   0.0 |       0 |      38 |   0.0 |  1480
               +---------+---------+-------+---------+---------+-------+---------
           D:1 |       0 |      41 |   0.0 |       0 |      21 |   0.0 |  1079
           D:2 |       0 |      64 |   0.0 |       0 |      17 |   0.0 |   401
               +---------+---------+-------+---------+---------+-------+---------
